 Dungeon Crawl Stone Soup version 0.30-a0-782-ge64f9170bb (webtiles) character file.

Game seed: 3255055433841516401

293 senseless the Sneak (level 6, -3/43 HPs)
             Began as an Octopode Fighter on Mar 4, 2023.
             Was an Initiate of Cheibriados.
             Slain by an ogre
             ... wielding a +0 giant club
              (23 damage)
             ... on level 4 of the Dungeon.
             The game lasted 00:11:36 (3220 turns).

senseless the Sneak (Octopode Fighter)              Turns: 3220, Time: 00:11:37

Health: -3/43      AC:  2    Str: 17    XL:     6   Next: 33%
Magic:  6/6        EV: 13    Int: 11    God:    Cheibriados [......]
Gold:   162        SH:  5    Dex: 14    Spells: 5/5 levels left

rFire   . . .      SeeInvis .    a - +0 long sword
rCold   . . .      Faith    .    b - +0 buckler
rNeg    + . .      Spirit   .    o - +1 hat
rPois   .          Reflect  .    (no amulet)
rElec   .          Harm     .    g - ring of positive energy
rCorr   +          Rampage  .    n - ring of resist corrosion
Will    .....                    (no ring)
Stlth   ++++                     (no ring)
HPRegen 0.27/turn                (no ring)
MPRegen 0.10/turn                (no ring)
                                 (no ring)
                                 (no ring)

@: very slow
A: almost no armour, amphibious, 8 rings, camouflage 1, gelatinous body 1,
(nimble swimmer 1), tentacles
a: Renounce Religion


You were on level 4 of the Dungeon.
You worshipped Cheibriados.
Cheibriados was noncommittal.
You visited 1 branch of the dungeon, and saw 4 of its levels.

You collected 162 gold pieces.

Inventory:

Hand Weapons
 a - a +0 long sword (weapon)
 j - a +0 dagger of venom
 r - a +2 antimagic dagger
Missiles
 h - 4 datura-tipped darts (quivered)
Armour
 b - a +0 buckler (worn)
 o - a +1 hat (worn)
 s - an orb of guile
Jewellery
 g - a ring of positive energy (left tentacle)
 n - a ring of resist corrosion (right tentacle)
Wands
 f - a wand of charming (2)
Scrolls
 l - a scroll of fear
 u - a scroll of fog {unknown}
Potions
 c - a potion of might
 d - a potion of resistance
 e - a potion of attraction
 i - a potion of flight
 k - 2 potions of curing
 m - a potion of brilliance {unknown}
 p - a potion of cancellation {unknown}
 q - a potion of mutation {unknown}
 t - a potion of magic {unknown}


   Skills:
 + Level 3.9 Fighting
 + Level 4.0 Long Blades
 + Level 3.5 Dodging
 + Level 4.5 Stealth
 + Level 3.4 Shields


You had 5 spell levels left.
You didn't know any spells.
Your spell library was empty.

Dungeon Overview and Level Annotations

Branches:
Dungeon (4/15)
 Temple: D:4-7

Altars:
Cheibriados
Ru
Trog
The Shining One


Innate Abilities, Weirdness & Mutations

You cannot wear most types of armour.
You are amphibious.
You can wear up to eight rings at the same time.
Your skin changes colour to match your surroundings (Stealth+).
Your rubbery body absorbs attacks. (AC +1, EV +1)
((You are camouflaged when in or above water. (Stealth+)))
You have tentacles for arms and can constrict up to eight enemies at once.


Message History

Cheibriados is now slowing the effects of poison on you.
A kobold comes into view. It is wielding a +0 dagger.
Found a scroll of fear.
Found a scroll labelled ZIOGGU GABEYROA.
The helpless kobold fails to defend itself.
You slice the kobold!!
You kill the kobold!
Cheibriados appreciates the change of pace.
No target in view!
l - a scroll of fear A ball python comes into view.
An ufetubus comes into view.
The ufetubus shouts!
You hear a shout!
The ball python bites you but does no damage.
The ball python grabs you. The ball python constricts you.
You hit the ball python.
You kill the ball python!
Cheibriados appreciates the change of pace.
The ufetubus hits you but does no damage.
The ufetubus closely misses you.
You hit the ufetubus but do no damage. You grab the ufetubus.
You constrict the ufetubus. The ufetubus hits you.
You block the ufetubus's attack.
You hit the ufetubus but do no damage. You squeeze the ufetubus.
You kill the ufetubus!
Cheibriados thoroughly appreciates the change of pace.
No target in view!
u - a scroll labelled ZIOGGU GABEYROA An ogre is nearby!
The ogre shouts!
The ogre hits you with a +0 giant club!!
Ouch! That really hurt!
You are too injured to fight recklessly!
You are too injured to fight recklessly!
You are too injured to fight recklessly!
You slash the ogre!
The ogre is heavily wounded.
The ogre hits you with a +0 giant club!!
Ouch! That really hurt!
You die...

...........#
#...............#
................#
...............#
#.............#
#.............#
#.............#
#...O.........#
#....@........#
###'#####.....#
.. #....)# ...
#.....# ...
#.....# ..
#.....# . #.....#
#.....#
###.....#####


You could see an ogre.

Vanquished Creatures
  A necrophage (D:3)
  3 orc priests (D:3)
  5 adders
  An ufetubus (D:4)
  2 worms
  2 dart slugs
  8 orcs (D:3)
  10 ball pythons
  9 bats
  8 endoplasms
  2 giant cockroaches
  12 goblins
  4 hobgoblins
  A quokka (D:4)
  A frilled lizard (D:1)
  4 kobolds
  7 rats
80 creatures vanquished.

Notes
Turn   | Place    | Note
-------+----------+-------------------------------------------
     0 | D:1      | senseless the Octopode Fighter began the quest for the Orb.
     0 | D:1      | Reached XP level 1. HP: 16/16 MP: 1/1
   269 | D:1      | Reached XP level 2. HP: 18/21 MP: 2/2
   604 | D:1      | Reached XP level 3. HP: 26/26 MP: 3/3
   669 | D:1      | Reached skill level 1 in Stealth
  1379 | D:2      | Reached XP level 4. HP: 27/31 MP: 4/4
  1748 | D:3      | Found a glowing golden altar of the Shining One.
  1832 | D:3      | Found a sacrificial altar of Ru.
  1952 | D:3      | Noticed a necrophage
  1958 | D:3      | Killed a necrophage
  1959 | D:3      | Reached XP level 5. HP: 27/37 MP: 5/5
  2658 | D:3      | Reached XP level 6. HP: 34/43 MP: 6/6
  3102 | D:4      | Found a bloodstained altar of Trog.
  3162 | D:4      | Found a snail-covered altar of Cheibriados.
  3172 | D:4      | Became a worshipper of Cheibriados the Contemplative
  3220 | D:4      | Slain by an ogre

Illustrated notes

Levels and vault maps discovered:
D:1:      minmay_arrival_widening_spiral_narrow, layout_loops_ring,
          grunt_decor_one_mirror
D:2:      minmay_alternating_diamond, layout_basic
D:3:      layout_basic, mainiacjoe_overflow_six_doors_small,
          nicolae_ru_path_of_blood
D:4:      layout_gridville, kennysheep_ying_yang, lemuel_crystal_altar,
          chequers_temple_overflow_statue_of_worship, slow_altar_1,
          hangedman_abyss_or_decor_stabs, dk_noncrumbling_4, grunt_ministairs_8

Skill      XL: |  1  2  3  4  5  6 |
---------------+-------------------+-----
Stealth        | 1 3 4 |  4.5
Long Blades    | 3 4 |  4.0
Fighting       | |  3.9
Dodging        | |  3.5
Shields        | |  3.4

Action                     |  1- 3 |  4- 6 || total
---------------------------+-------+-------++-------
  Melee: Long sword        |    60 |    80 ||   140
         Constrict         |    14 |    26 ||    40
         Tentacles         |     5 |    15 ||    20
    Use: Scroll            |     5 |     5 ||    10
   Stab: Sleeping          |    13 |    15 ||    28
 Armour: Skin              |     8 |     5 ||    13
  Dodge: Dodged            |    23 |    27 ||    50
  Block: Buckler           |     7 |    10 ||    17

Table legend: (Time is in decaauts)
 A = Elapsed time spent in this place.
 B = Non-inter-level travel time spent in this place.
 C = Inter-level travel time spent in this place.
 D = Time resting spent in this place.
 E = Time spent auto-exploring this place.
 F = Levels seen in this place.
 G = Mean time per level.
                   A        B        C        D        E       F      G
               +--------+--------+--------+--------+--------+-----+--------+
         Total |   3270 |   3023 |    247 |     58 |   2322 |   4 |  817.5 |
       Dungeon |   3270 |   3023 |    247 |     58 |   2322 |   4 |  817.5 |
               +--------+--------+--------+--------+--------+-----+--------+

Top non-repeatable levels by time:
     D:3: 1343 daAuts
     D:1: 949 daAuts
     D:2: 720 daAuts
     D:4: 258 daAuts
